AoeStats
← Balagueris

Arabia

506501581Analyzed
2v2 RM · 19d ago on Sep 13, 2026· 35m 18s· 4 players
Game mode
Random Map
Map size
Medium (4 player)
Population
200
Speed
Normal
Resources
Standard
Victory
Conquest
Starting age
Dark Age
Ending age
Imperial Age
RankedLock teamsTeams togetherTeam positionsShared explorationLock speedFull tech treeHidden civsTurbo modeCheats
Victory
Defeat
🇦🇹 Persians · Austria
1181
+17
🇦🇹 Shu · Austria
1178
+17
🇪🇸 Ethiopians · Spain
1216
-18
🇪🇸 Persians · Spain
1186
-16
Kravallo
6:15 Loom
9:00 Feudal Age
9:35 Double-Bit Axe
20:36 Castle Age
20:01 Bloodlines
20:33 Horse Collar
21:26 Scale Barding Armor
23:38 Chain Barding Armor
24:35 Forging
25:03 Husbandry
26:37 Iron Casting
31:26 Bow Saw
34:20 Wheelbarrow
Schlosstrunk
6:33 Loom
9:35 Feudal Age
10:09 Double-Bit Axe
10:54 Gold Mining
15:22 Wheelbarrow
15:02 Fletching
16:42 Padded Archer Armor
22:29 Castle Age
20:20 Horse Collar
21:48 Town Watch
23:09 Bodkin Arrow
22:35 Crossbowman
23:30 Thumb Ring
24:15 Bow Saw
25:21 Ballistics
27:06 Stone Mining
27:52 Gold Shaft Mining
28:30 Heavy Plow
30:56 Hand Cart
34:48 Imperial Age
35:31 Bracer
36:34 Chemistry
urvconele
11:14 Feudal Age
11:45 Loom
15:34 Castle Age
13:59 Double-Bit Axe
21:40 Padded Archer Armor
24:00 Bow Saw
23:52 Horse Collar
25:12 Heavy Plow
26:15 Wheelbarrow
25:21 Elite Skirmisher
28:14 Leather Archer Armor
27:49 Fletching
28:19 Pikeman
30:34 Scale Mail Armor
30:44 Forging
34:33 Iron Casting
34:13 Chain Mail Armor
33:54 Bodkin Arrow
Balagueris
4:05 Loom
10:27 Feudal Age
10:31 Man-at-Arms
10:58 Double-Bit Axe
13:22 Horse Collar
16:35 Fletching
22:05 Castle Age
20:25 Gold Mining
21:10 Scale Barding Armor
22:13 Forging
23:20 Wheelbarrow
23:07 Bow Saw
23:49 Husbandry
27:41 Bodkin Arrow
Connection lost

Rejoining the realm…

Still unreachable

The connection could not be restored.

Session expired

The server has moved on; the page needs a fresh start.